[Event "Titled Tuesday Blitz November 08 Late 2022"]
[White "Sebag, Marie"]
[Black "Zakhartsov, Vladimir"]
[WhiteFideId "617822"]
[BlackFideId "4145097"]
[WhiteElo "2440"]
[BlackElo "2525"]
[Result "0-1"]
[Round "08"]
[TimeControl "180+1"]
[Date "2022.11.08"]
[WhiteClock "0:00:02"]
[BlackClock "0:00:12"]

1. c4 e6 2. Nc3 Nf6 3. g3 d5 4. d4 c5 5. cxd5 Nxd5 6. Nf3 Nc6 7. Nxd5 Qxd5 8. Bg2 cxd4 9. O-O Bc5 10. b4 Nxb4 11. Ba3 O-O 12. Bxb4 Bxb4 13. Nxd4 Qd6 14. Rb1 Rd8 15. Qa4 Bc5 16. Nb5 Qe7 17. Nc3 Rb8 18. Qe4 b6 19. Qc2 Bb7 20. Ne4 Rbc8 21. Nxc5 Rxc5 22. Qb2 Bxg2 23. Kxg2 h6 24. Rfd1 Qb7+ 25. Kg1 Rcd5 26. Rxd5 Qxd5 27. e3 h5 28. h4 Qf3 29. a4 Rd1+ 30. Rxd1 Qxd1+ 31. Kg2 Qxa4 32. Qe5 Qc6+ 33. Kg1 a5 34. Qxh5 a4 35. Qg5 Qd5 36. Qe7 b5 37. Qe8+ Kh7 38. Qxf7 a3 39. h5 Qf5 40. Qa7 Qb1+ 41. Kg2 a2 42. h6 Kxh6 43. Qe7 a1=Q 44. Qxe6+ Qf6 45. Qh3+ Kg6 46. Qg4+ Qg5 47. Qe6+ Kh7 48. Qh3+ Qh6 0-1


[Site "https://www.chess.com"]

[Event "Titled Tuesday Blitz November 08 Late 2022"]
[White "Shankland, Sam"]
[Black "Bortnyk, Olexandr"]
[WhiteFideId "2004887"]
[BlackFideId "14120828"]
[WhiteElo "2612"]
[BlackElo "2723"]
[Result "0-1"]
[Round "08"]
[TimeControl "180+1"]
[Date "2022.11.08"]
[WhiteClock "0:00:47"]
[BlackClock "0:00:17"]

1. Nf3 Nf6 2. g3 d6 3. Bg2 g6 4. O-O Bg7 5. d4 O-O 6. c4 Bf5 7. Nfd2 Qc8 8. e4 Bh3 9. Nc3 c5 10. dxc5 Bxg2 11. Kxg2 Qxc5 12. Qe2 Rc8 13. b3 Nc6 14. Bb2 Nd4 15. Qd3 Qh5 16. h3 Ne6 17. f4 Qa5 18. Rab1 a6 19. a4 Nc5 20. Qe2 e6 21. Nd1 Qb6 22. Nf2 Qc6 23. Kh2 Rab8 24. e5 Nfd7 25. Nde4 dxe5 26. fxe5 Nxe4 27. Nxe4 b5 28. axb5 axb5 29. Nd6 Rf8 30. cxb5 Qd5 31. Rbd1 Qxb3 32. Nxf7 Qxb5 33. Qxb5 Rxb5 34. Rxd7 Rxb2+ 35. Kg1 h6 36. Re7 Ra8 37. Rxe6 Raa2 38. Rf3 Rg2+ 39. Kf1 Rgc2 40. Kg1 Rc1+ 41. Rf1 Rxf1+ 42. Kxf1 Kxf7 0-1


[Site "https://www.chess.com"]

[Event "Titled Tuesday Blitz November 08 Late 2022"]
[White "Sibilio, Mario"]
[Black "Taboas Rodriguez, Daniel"]
[WhiteFideId "800422"]
[BlackFideId "2208466"]
[WhiteElo "2251"]
[BlackElo "2329"]
[Result "0-1"]
[Round "08"]
[TimeControl "180+1"]
[Date "2022.11.09"]
[WhiteClock "0:00:02"]
[BlackClock "0:01:26"]

1. d4 Nf6 2. c4 g6 3. g3 Bg7 4. Bg2 O-O 5. Nc3 d6 6. Nf3 c6 7. h3 Nbd7 8. Be3 e5 9. d5 Qe7 10. Qd2 Nb6 11. b3 Nh5 12. Bh6 f5 13. Bxg7 Kxg7 14. e4 Nf6 15. dxc6 bxc6 16. O-O-O fxe4 17. Ng5 d5 18. cxd5 cxd5 19. f3 h6 20. fxe4 hxg5 21. exd5 Bf5 22. d6 Qd7 23. g4 Be6 24. Qxg5 Rac8 25. Kb2 Rc5 26. Rhf1 Qc8 27. Qe3 Nbd7 28. g5 Nh5 29. Rxf8 Qxf8 30. Ne4 Rc8 31. Rf1 Nf4 32. Nf6 Nxf6 33. Qxe5 Nd3+ 0-1


[Site "https://www.chess.com"]

[Event "Titled Tuesday Blitz November 08 Late 2022"]
[White "Simonovic, Miroslav"]
[Black "Harish, Neeraj"]
[WhiteFideId "919152"]
[BlackFideId "30958130"]
[WhiteElo "2043"]
[BlackElo "1815"]
[Result "1-0"]
[Round "08"]
[TimeControl "180+1"]
[Date "2022.11.09"]
[WhiteClock "0:01:29"]
[BlackClock "0:01:28"]

1. d4 Nf6 2. Bg5 d5 3. Bxf6 exf6 4. c4 dxc4 5. e4 b5 6. a4 c6 7. axb5 cxb5 8. Nc3 Bb4 9. Ne2 O-O 10. g3 Bb7 11. Bg2 f5 12. O-O fxe4 13. Nxe4 f5 14. Nf6+ Qxf6 15. Bxb7 Nd7 16. Bxa8 Rxa8 17. Nf4 Nb6 18. Qf3 a5 19. Nd5 Qd6 20. Nxb6 Qxb6 21. Qxa8+ 1-0


[Site "https://www.chess.com"]

[Event "Titled Tuesday Blitz November 08 Late 2022"]
[White "Svane, Frederik"]
[Black "Kuzmicz, Krystian"]
[WhiteFideId "12923044"]
[BlackFideId "1119125"]
[WhiteElo "2466"]
[BlackElo "2380"]
[Result "1/2-1/2"]
[Round "08"]
[TimeControl "180+1"]
[Date "2022.11.08"]
[WhiteClock "0:00:07"]
[BlackClock "0:00:10"]

1. c4 g6 2. Nc3 Bg7 3. g3 e5 4. Bg2 d6 5. e3 f5 6. Nge2 Nf6 7. O-O O-O 8. b3 c6 9. Bb2 Na6 10. Rc1 Nc7 11. d4 e4 12. Ba3 Be6 13. d5 cxd5 14. Nf4 Bf7 15. Ncxd5 Ncxd5 16. cxd5 Re8 17. Qd2 g5 18. Ne6 Bxe6 19. dxe6 Rxe6 20. Rfd1 d5 21. Bb2 Rd6 22. Bh3 g4 23. Bf1 Nd7 24. Bxg7 Kxg7 25. Qd4+ Kf7 26. Qb4 Qb6 27. Qc3 Rc6 28. Qd2 Nf6 29. Rxc6 bxc6 30. Rc1 c5 31. Qc3 Rc8 32. b4 c4 33. Be2 Ke6 34. a4 Qd6 35. Kg2 Qe5 36. Qd2 c3 37. Qa2 Ke7 38. b5 d4 39. exd4 Qxd4 40. Qa3+ Kf7 41. Qb3+ Kg6 42. a5 e3 43. b6 axb6 44. axb6 exf2 45. b7 Rb8 46. Qxc3 Qe4+ 47. Kxf2 Rxb7 48. Qe3 Qd5 49. Bd3 Rb2+ 50. Rc2 Rxc2+ 51. Bxc2 Ne4+ 52. Bxe4 Qxe4 53. Qb6+ Kg5 54. Qd8+ Kg6 55. Qg8+ Kh6 56. Qf8+ Kg6 57. Qg8+ Kf6 58. Qh8+ Ke6 59. Qe8+ Kd5 60. Qb5+ Kd4 61. Qb4+ Ke5 62. Qe7+ Kd5 63. Qb7+ Kd4 64. Qb4+ Kd5 65. Qb7+ Kd6 66. Qxh7 Qf3+ 67. Ke1 Ke5 68. Qe7+ Kd4 69. Qd6+ Ke3 70. Qd2+ Ke4 71. Qc2+ Qd3 72. Qc6+ Ke3 73. Qc5+ Kf3 74. Qf2+ Ke4 75. Qf4+ Kd5 76. Kf2 Qe4 77. Qd2+ Qd4+ 78. Qxd4+ Kxd4 79. Kg2 Ke4 80. h4 gxh3+ 81. Kxh3 Kf3 82. Kh4 Kg2 83. Kg5 Kxg3 84. Kxf5 1/2-1/2


[Site "https://www.chess.com"]

[Event "Titled Tuesday Blitz November 08 Late 2022"]
[White "Svane, Rasmus"]
[Black "Indjic, Aleksandar"]
[WhiteFideId "4657101"]
[BlackFideId "911925"]
[WhiteElo "2674"]
[BlackElo "2592"]
[Result "1-0"]
[Round "08"]
[TimeControl "180+1"]
[Date "2022.11.08"]
[WhiteClock "0:00:12"]
[BlackClock "0:00:05"]

1. Nf3 Nf6 2. g3 c5 3. c4 Nc6 4. Nc3 d5 5. cxd5 Nxd5 6. Bg2 Nc7 7. a3 e5 8. b4 f6 9. Rb1 Rb8 10. b5 Nd4 11. e3 Nxf3+ 12. Qxf3 b6 13. O-O Be7 14. Rd1 Ne6 15. Qc6+ Bd7 16. Qe4 O-O 17. Bb2 Bc8 18. Qc4 Kh8 19. Ne2 Ng5 20. h4 Be6 21. Qa4 Nh3+ 22. Kf1 Qd7 23. d4 cxd4 24. exd4 e4 25. d5 Bg4 26. Qxe4 Bc5 27. Nd4 Rfe8 28. Qd3 Re5 29. f3 Bh5 30. Ne6 Bg6 31. Qc4 Nf2 32. Nxc5 bxc5 33. Kxf2 Bxb1 34. Rxb1 Ree8 35. a4 a6 36. Bf1 axb5 37. axb5 Qf5 38. Rd1 Ra8 39. d6 Red8 40. Qe4 Qd7 41. Bd3 f5 42. Qxf5 Qxf5 43. Bxf5 Ra2 44. Rd2 c4 45. d7 Kg8 46. Be6+ Kf8 47. Bxg7+ Kxg7 48. Rxa2 Kf6 49. Bg4 c3 50. Rc2 1-0


[Site "https://www.chess.com"]

[Event "Titled Tuesday Blitz November 08 Late 2022"]
[White "Tan, Ralph"]
[Black "Papasimakopoulos, Alexandros"]
[WhiteFideId "30966590"]
[BlackFideId "4244125"]
[WhiteElo "2059"]
[BlackElo "2365"]
[Result "0-1"]
[Round "08"]
[TimeControl "180+1"]
[Date "2022.11.09"]
[WhiteClock "0:00:01"]
[BlackClock "0:01:23"]

1. Nf3 d5 2. g3 Nf6 3. Bg2 Bg4 4. Ne5 Bf5 5. O-O c6 6. d4 e6 7. c4 Nbd7 8. Nc3 Be7 9. Bf4 O-O 10. Qb3 Qb6 11. Nxd7 Nxd7 12. e4 dxe4 13. Nxe4 Nf6 14. Nd6 Qxb3 15. axb3 Bc2 16. Nxb7 Bxb3 17. Na5 Bc2 18. Nxc6 Rae8 19. Nxe7+ Rxe7 20. Bd6 Rd7 21. Bxf8 Kxf8 22. Rac1 Bb3 23. c5 Ne8 24. Bc6 Rc7 25. Bxe8 Kxe8 26. Rc3 Bd5 27. b4 Rb7 28. Rb1 Kd7 29. b5 Kc7 30. b6+ axb6 31. cxb6+ Kd6 32. Ra3 Be4 33. Rb2 Rb8 34. f3 Bb7 35. Kf2 g5 36. Ke3 h5 37. Rc2 g4 38. fxg4 hxg4 39. Rc7 f5 40. Ra7 Bc6 41. Ra6 Bb5 42. Ra1 Rxb6 43. Rac1 Bc6 44. Rc8 Kd7 45. Rh8 Rb3+ 46. Kf4 Rd3 47. Ke5 Re3+ 48. Kf6 Re4 49. Rd1 f4 50. gxf4 Rxf4+ 51. Kg5 Rf5+ 52. Kg6 Rf2 53. Rd3 Be4+ 54. Kg5 Bxd3 55. Kxg4 Bf5+ 56. Kg3 Rd2 57. h4 Rxd4 58. h5 Rg4+ 59. Kf3 Rh4 60. h6 Kd6 61. Ke3 Ke5 62. Kf3 Rh3+ 63. Kf2 Kf4 64. Kg2 e5 65. Kf2 e4 66. Kg2 e3 67. Kf1 Kf3 68. Kg1 Rg3+ 69. Kh2 Rg2+ 70. Kh1 e2 71. Re8 Rg5 72. Kh2 Kf2 73. Rxe2+ Kxe2 74. Kh1 Kf2 75. Kh2 Rh5# 0-1


[Site "https://www.chess.com"]

[Event "Titled Tuesday Blitz November 08 Late 2022"]
[White "Thiel, Thomas"]
[Black "Pniaczek, Marek"]
[WhiteFideId "4615964"]
[BlackFideId "21800421"]
[WhiteElo "2218"]
[BlackElo "2138"]
[Result "1-0"]
[Round "08"]
[TimeControl "180+1"]
[Date "2022.11.09"]
[WhiteClock "0:02:17"]
[BlackClock "0:01:37"]

1. e4 c5 2. Nc3 e6 3. Nge2 d5 4. exd5 exd5 5. d4 Nf6 6. Be3 cxd4 7. Bxd4 Be7 8. g3 O-O 9. Bg2 Nc6 10. O-O Nxd4 11. Qxd4 Be6 12. Nf4 Qd7 13. Nfxd5 Nxd5 14. Nxd5 Bxd5 15. Qxd5 Qxd5 16. Bxd5 Rfd8 17. c4 Bf6 18. Rab1 Rac8 19. Rfd1 b5 20. cxb5 Rc2 21. Kg2 Rxb2 22. Rxb2 Bxb2 23. Bxf7+ 1-0


[Site "https://www.chess.com"]

[Event "Titled Tuesday Blitz November 08 Late 2022"]
[White "Tokhirjonova, Gulrukhbegim"]
[Black "Vlassov, Nikolai"]
[WhiteFideId "14203626"]
[BlackFideId "4103360"]
[WhiteElo "2236"]
[BlackElo "2324"]
[Result "1-0"]
[Round "08"]
[TimeControl "180+1"]
[Date "2022.11.09"]
[WhiteClock "0:00:15"]
[BlackClock "0:00:01"]

1. e4 Nc6 2. Nf3 d5 3. exd5 Qxd5 4. Nc3 Qa5 5. h3 e5 6. Bb5 Bd7 7. d3 Bb4 8. Bc4 Nf6 9. Bd2 O-O-O 10. O-O Nd4 11. Bxf7 Rhf8 12. Bc4 Bc6 13. Ng5 Rde8 14. a3 Bxc3 15. bxc3 Nb5 16. Be6+ Kb8 17. c4 Nc3 18. Qe1 e4 19. d4 h6 20. d5 hxg5 21. Bxc3 Qa4 22. Qe2 Bd7 23. Bxd7 Nxd7 24. Bxg7 Rg8 25. Bd4 Nb6 26. Bxb6 axb6 27. Rfd1 Qd7 28. Rd4 g4 29. h4 g3 30. fxg3 e3 31. g4 Rgf8 32. Rf1 Rxf1+ 33. Kxf1 Qg7 34. c3 Qf6+ 35. Kg1 Qxh4 36. Rd3 Qg3 37. a4 Ka7 38. a5 bxa5 39. c5 a4 40. d6 cxd6 41. cxd6 a3 42. d7 Rd8 43. Rxe3 Qd6 44. Rd3 Qc5+ 45. Kh2 Qc7+ 46. g3 Rxd7 47. Qf2+ b6 48. Rf3 1-0


[Site "https://www.chess.com"]

[Event "Titled Tuesday Blitz November 08 Late 2022"]
[White "Urazayev, Arystanbek"]
[Black "Leiva, Gianmarco"]
[WhiteFideId "13709810"]
[BlackFideId "3804399"]
[WhiteElo "2441"]
[BlackElo "2286"]
[Result "0-1"]
[Round "08"]
[TimeControl "180+1"]
[Date "2022.11.08"]
[WhiteClock "0:00:14"]
[BlackClock "0:00:55"]

1. e4 c5 2. Nf3 d6 3. d4 cxd4 4. Nxd4 Nf6 5. Nc3 a6 6. Rg1 e5 7. Nb3 h5 8. h3 Be6 9. g4 hxg4 10. hxg4 d5 11. exd5 Nxd5 12. Nxd5 Qxd5 13. Qxd5 Bxd5 14. Be3 Nc6 15. O-O-O O-O-O 16. Bb6 Rd7 17. g5 Be7 18. Be2 Be6 19. Rxd7 Kxd7 20. Nc5+ Bxc5 21. Bxc5 Kc7 22. g6 b6 23. Ba3 f6 24. Bxa6 Bf5 25. c3 Nd8 26. Bc4 Ne6 27. Rd1 Nf4 28. Bd6+ Kb7 29. Bf7 Rh2 30. Rf1 Bd3 31. Re1 Rxf2 32. Bb3 Bxg6 33. Rh1 Nd3+ 34. Kd1 Nxb2+ 35. Ke1 Nd3+ 36. Kd1 Be4 37. Rh3 Kc6 38. Bf8 g5 39. Bc4 Bf3+ 40. Rxf3 Rxf3 41. Ke2 e4 42. Be6 Nf4+ 0-1


[Site "https://www.chess.com"]

[Event "Titled Tuesday Blitz November 08 Late 2022"]
[White "Vargas, Mauricio"]
[Black "Shapiro, Daniel"]
[WhiteFideId "4404572"]
[BlackFideId "2001780"]
[WhiteElo "2025"]
[BlackElo "2280"]
[Result "0-1"]
[Round "08"]
[TimeControl "180+1"]
[Date "2022.11.09"]
[WhiteClock "0:00:01"]
[BlackClock "0:00:34"]

1. e4 e5 2. Nc3 Nf6 3. f4 d5 4. fxe5 Nxe4 5. Nf3 Be7 6. Qe2 Nxc3 7. bxc3 c5 8. d4 Nc6 9. Be3 Qa5 10. Bd2 Qb6 11. Qb5 Bg4 12. Be3 Bxf3 13. gxf3 cxd4 14. cxd4 Bb4+ 15. Kf2 Bc3 16. Qxb6 axb6 17. Rd1 Rxa2 18. Be2 Rxc2 19. Rc1 Nxd4 20. Rxc2 Nxc2 21. Rc1 Nxe3 22. Rxc3 Nc4 23. Bxc4 dxc4 24. Rxc4 Kd7 25. Ke3 Rc8 26. Rd4+ Ke7 27. Rb4 Rc6 28. f4 g6 29. h4 Ke6 0-1


[Site "https://www.chess.com"]

[Event "Titled Tuesday Blitz November 08 Late 2022"]
[White "Veiga, Jose Francisco R P Neves"]
[Black "Leitao, Rafael"]
[WhiteFideId "1930087"]
[BlackFideId "2101246"]
[WhiteElo "2320"]
[BlackElo "2609"]
[Result "1-0"]
[Round "08"]
[TimeControl "180+1"]
[Date "2022.11.09"]
[WhiteClock "0:00:04"]
[BlackClock "0:00:16"]

1. Nf3 Nf6 2. g3 d5 3. Bg2 c6 4. c4 Bf5 5. O-O e6 6. d3 Nbd7 7. b3 Be7 8. Bb2 O-O 9. Nbd2 h6 10. Ne5 Nxe5 11. Bxe5 Nd7 12. Bc3 Bh7 13. e4 Nc5 14. Qe2 dxc4 15. dxc4 Qd3 16. Qxd3 Nxd3 17. Rad1 Rfd8 18. e5 Bb4 19. Bxb4 Nxb4 20. a3 Bc2 21. axb4 Bxd1 22. Rxd1 Rd4 23. Kf1 Rad8 24. Ke1 Rd3 25. Bf1 Rc3 26. c5 Rd4 27. Bc4 g5 28. Nb1 Re4+ 29. Kd2 Rf3 30. Rf1 Rxe5 31. Nc3 Kg7 32. Be2 Rf6 33. f4 gxf4 34. gxf4 Ref5 35. Ne4 Rg6 36. Nd6 Rd5+ 37. Kc3 b6 38. Bc4 Rh5 39. f5 Rh3+ 40. Kb2 Rxh2+ 41. Ka3 Rgg2 42. f6+ Kf8 43. Ra1 b5 44. Bd3 Rf2 45. Be4 Rh4 46. Bxc6 a5 47. bxa5 b4+ 48. Ka4 Rc2 49. a6 Rhh2 50. Kxb4 Ra2 51. Rxa2 Rxa2 52. Ba4 1-0


[Site "https://www.chess.com"]

[Event "Titled Tuesday Blitz November 08 Late 2022"]
[White "Viana Da Costa, Fernando"]
[Black "Al-Tarboush, Ward"]
[WhiteFideId "2111900"]
[BlackFideId "7601450"]
[WhiteElo "2259"]
[BlackElo "2273"]
[Result "1-0"]
[Round "08"]
[TimeControl "180+1"]
[Date "2022.11.09"]
[WhiteClock "0:00:08"]
[BlackClock "0:00:01"]

1. e4 b6 2. d4 Bb7 3. Nc3 e6 4. a3 Nf6 5. e5 Ne4 6. Nxe4 Bxe4 7. Nf3 c5 8. Bd3 Bxd3 9. Qxd3 cxd4 10. Nxd4 Nc6 11. Nf3 Qc7 12. Bf4 Be7 13. O-O O-O 14. Rfd1 Rad8 15. c4 f6 16. exf6 Qxf4 17. fxe7 Nxe7 18. Qd6 Qxd6 19. Rxd6 Nf5 20. Rd2 h5 21. Rad1 d6 22. Ng5 Rfe8 23. f3 Ne3 24. Rc1 e5 25. Ne4 Nf5 26. Kf2 Nd4 27. Rc3 Re7 28. Rcd3 Rc7 29. b3 a6 30. Nc3 Nxb3 31. Nd5 Rxc4 32. Rxb3 b5 33. Ne3 Rc6 34. Rbd3 g6 35. Nd5 Kf7 36. Nb4 Rb6 37. Rc3 Ke6 38. Nd5 Rb7 39. Nc7+ Kd7 40. Nxa6 Rb6 41. Nc5+ Ke7 42. Ne4 Ra8 43. Rc7+ Ke6 44. Ng5+ Kf5 45. h4 Rf8 46. Kg3 b4 47. axb4 Rxb4 48. Rd7 e4 49. fxe4+ Ke5 50. R7xd6 Rb3+ 51. R2d3 Rxd3+ 52. Rxd3 Ra8 53. Rf3 Ra6 54. Nf7+ Kxe4 55. Ng5+ Ke5 56. Re3+ Kd4 57. Re6 Ra3+ 58. Kh2 Ra4 59. Rxg6 Ke3 60. Nf3 Kf4 61. Rg5 Ra8 62. Rxh5 Rg8 63. Rg5 Rh8 64. Kh3 Rh7 65. Rg4+ Kf5 66. Rg5+ Kf6 67. Rb5 Rh8 68. g4 Rf8 69. Kg3 Kg7 70. Rb6 Ra8 71. h5 Ra5 72. g5 Ra1 73. Kf4 Ra4+ 74. Kf5 Ra5+ 75. Ne5 Ra1 76. Rb7+ Kh8 77. h6 Rf1+ 78. Kg4 Kg8 79. Rg7+ Kf8 80. Rf7+ 1-0


[Site "https://www.chess.com"]

[Event "Titled Tuesday Blitz November 08 Late 2022"]
[White "Wan, Joseph"]
[Black "Winterberg, Lukas"]
[WhiteFideId "2069890"]
[BlackFideId "24622702"]
[WhiteElo "2200"]
[BlackElo "2349"]
[Result "0-1"]
[Round "08"]
[TimeControl "180+1"]
[Date "2022.11.09"]
[WhiteClock "0:00:05"]
[BlackClock "0:00:06"]

1. d4 Nf6 2. Bf4 d5 3. e3 c5 4. Nf3 Nc6 5. Nbd2 cxd4 6. exd4 Bf5 7. c3 e6 8. Qb3 Bd6 9. Bg3 O-O 10. Be2 Ne4 11. Nxe4 Bxe4 12. Qxb7 Bxg3 13. hxg3 Qd6 14. Qa6 Rab8 15. b4 Rb6 16. Qa4 Rc8 17. Qb3 Ne7 18. O-O Rbc6 19. Rac1 Qc7 20. Qa3 Nf5 21. Ba6 Rb8 22. Ne5 Rcb6 23. f3 Nxg3 24. fxe4 Nxf1 25. Rxf1 f6 26. Nd3 dxe4 27. Nc5 Qc6 28. Bc4 Re8 29. Qxa7 Rbb8 30. Qd7 Qxd7 31. Nxd7 Ra8 32. Nc5 Kf7 33. Nxe4 Ke7 34. Nc5 Kd6 35. a4 e5 36. dxe5+ Rxe5 37. Rd1+ Ke7 38. Rd7+ Kf8 39. Ne6+ Ke8 40. Rxg7 Rxa4 41. Bb5+ Rxb5 42. Nc7+ Kf8 43. Nxb5 Kxg7 44. Kf2 f5 45. Kf3 Kf6 46. Kf4 Ra2 47. g3 Rf2+ 48. Ke3 Rb2 49. Nd4 Ke5 50. Nf3+ Kd5 51. Kd3 h5 52. Nd4 Ke5 53. Nf3+ Kf6 54. Kc4 Rg2 55. b5 Rxg3 56. Nd4 h4 57. b6 h3 58. b7 Rg8 59. Nf3 f4 60. Kc5 Kf5 61. Kc6 Kg4 62. Nh2+ Kg3 63. Nf1+ Kg2 64. Nd2 h2 65. Kc7 h1=Q 66. Ne4 Rg7+ 67. Kc8 Rxb7 68. Kxb7 Qc1 0-1


[Site "https://www.chess.com"]

[Event "Titled Tuesday Blitz November 08 Late 2022"]
[White "Wartiovaara, Oliver"]
[Black "Da Matta, Eduardo Cesar"]
[WhiteFideId "513024"]
[BlackFideId "2193108"]
[WhiteElo "2213"]
[BlackElo "1981"]
[Result "1-0"]
[Round "08"]
[TimeControl "180+1"]
[Date "2022.11.09"]
[WhiteClock "0:00:46"]
[BlackClock "0:00:53"]

1. d4 d5 2. c4 c6 3. Nf3 Nf6 4. e3 e6 5. b3 Bd6 6. Bb2 Nbd7 7. Nbd2 O-O 8. Bd3 Qe7 9. O-O b6 10. Qe2 Bb7 11. e4 dxe4 12. Nxe4 Nxe4 13. Qxe4 Nf6 14. Qh4 h6 15. Rfe1 Rad8 16. Ne5 c5 17. d5 Rfe8 18. Ng4 Nxd5 19. Nxh6+ Kf8 20. Qh3 Nf4 21. Qg4 f5 22. Bxf5 exf5 23. Qxf5+ Qf6 24. Bxf6 1-0


[Site "https://www.chess.com"]

[Event "Titled Tuesday Blitz November 08 Late 2022"]
[White "Xiong, Jeffery"]
[Black "Andreikin, Dmitry"]
[WhiteFideId "2047640"]
[BlackFideId "4158814"]
[WhiteElo "2725"]
[BlackElo "2736"]
[Result "1-0"]
[Round "08"]
[TimeControl "180+1"]
[Date "2022.11.08"]
[WhiteClock "0:01:08"]
[BlackClock "0:00:33"]

1. e4 e5 2. Nf3 Nc6 3. Nc3 Nf6 4. d4 exd4 5. Nxd4 Bb4 6. Nxc6 bxc6 7. Bd3 O-O 8. O-O d5 9. exd5 cxd5 10. h3 c6 11. Qf3 Re8 12. Bf4 Be6 13. Ne2 Bd6 14. Rfd1 Rb8 15. b3 h6 16. c4 Qc7 17. Rac1 Rbd8 18. Bxd6 Qxd6 19. c5 Qe5 20. Nd4 Bd7 21. b4 Ne4 22. Bxe4 dxe4 23. Qe3 f5 24. f4 Qf6 25. a4 a6 26. b5 axb5 27. axb5 cxb5 28. c6 Bc8 29. c7 Rd5 30. Qb3 Qf7 31. Nxb5 Rxd1+ 32. Qxd1 e3 33. Nd6 Qa2 34. Nxe8 Qf2+ 35. Kh1 Bb7 36. Nf6+ Kf7 37. Qb3+ 1-0


[Site "https://www.chess.com"]

[Event "Titled Tuesday Blitz November 08 Late 2022"]
[White "Young, Ryan"]
[Black "Bilan, Danila"]
[WhiteFideId "2049945"]
[BlackFideId "24161918"]
[WhiteElo "2285"]
[BlackElo "2173"]
[Result "1/2-1/2"]
[Round "08"]
[TimeControl "180+1"]
[Date "2022.11.09"]
[WhiteClock "0:00:10"]
[BlackClock "0:00:08"]

1. e4 c6 2. d4 d5 3. exd5 cxd5 4. Bd3 Nc6 5. c3 Qc7 6. h3 g6 7. Nf3 Bf5 8. Be2 Nf6 9. O-O Bg7 10. Bg5 Ne4 11. Be3 O-O 12. Nbd2 Rad8 13. Nxe4 dxe4 14. Nd2 e5 15. dxe5 Nxe5 16. Qb3 b6 17. a4 Be6 18. Qa3 f5 19. Bd4 Bd5 20. a5 f4 21. axb6 axb6 22. Qa7 Qxa7 23. Rxa7 Bf6 24. b4 Nc6 25. Ra6 Bxd4 26. cxd4 Nxd4 27. Bc4 Bxc4 28. Nxc4 b5 29. Ne5 e3 30. fxe3 fxe3 31. Re1 Rde8 32. Nd3 e2 33. Ra2 Re3 34. Rd2 Rfe8 35. Nf4 Nf5 36. Rdxe2 Rxe2 37. Rxe2 Rxe2 38. Nxe2 Kf7 39. Nc3 Ne3 40. Nxb5 Nc2 41. Nd6+ Ke6 42. Ne4 Nxb4 43. Ng5+ Kf6 44. Nxh7+ Kg7 45. Ng5 Kf6 46. Nf3 Nd3 47. Kh2 Kf5 48. Kg3 Nf4 49. Nd4+ Ke4 50. Nf3 Ne2+ 51. Kf2 Nf4 52. Nh4 g5 53. Nf3 Kf5 54. Kg3 Nh5+ 55. Kf2 Nf4 56. Nd4+ Ke4 57. Ne2 Nh5 58. g3 Nf6 59. Nc3+ Kf5 60. Kf3 g4+ 61. hxg4+ Nxg4 62. Nd5 Ne5+ 63. Ke3 Kg4 64. Nf6+ Kxg3 1/2-1/2


[Site "https://www.chess.com"]

[Event "Titled Tuesday Blitz November 08 Late 2022"]
[White "Zeynalli, Rashad"]
[Black "Yang, Kevin"]
[WhiteFideId "13403320"]
[BlackFideId "30908485"]
[WhiteElo "2125"]
[BlackElo "2055"]
[Result "0-1"]
[Round "08"]
[TimeControl "180+1"]
[Date "2022.11.09"]
[WhiteClock "0:00:02"]
[BlackClock "0:00:06"]

1. d4 Nf6 2. Bf4 e6 3. e3 b6 4. Nf3 Bb7 5. Bd3 Be7 6. h3 O-O 7. O-O c5 8. c3 d6 9. Qe2 Nbd7 10. e4 cxd4 11. cxd4 Re8 12. Nc3 a6 13. Rfd1 b5 14. e5 dxe5 15. dxe5 Nd5 16. Nxd5 Bxd5 17. Rac1 Rc8 18. Bb1 Qb6 19. h4 Qb7 20. Ne1 Rxc1 21. Rxc1 Rc8 22. Rd1 Rc4 23. g3 Nf8 24. h5 h6 25. Qg4 Kh8 26. b3 Rb4 27. Qe2 a5 28. Bd2 Rd4 29. Bxa5 Rxd1 30. Qxd1 Qa7 31. b4 Qb7 32. a4 bxa4 33. Qxa4 Bc4 34. Qe8 Kg8 35. Bc2 Bxb4 36. Bxb4 Qxb4 37. Nf3 Qc3 38. Be4 Bd5 39. Bxd5 exd5 40. Kg2 Qd3 41. Qd8 Qe4 42. Qd6 Ne6 43. Qb8+ Kh7 44. Qb7 Ng5 45. Qb3 Nxf3 46. Qxf3 Qxe5 47. Qxf7 Qe4+ 48. Qf3 Qe5 49. Qd3+ Kg8 50. Qg6 Kf8 51. Kf3 Ke7 52. Kg4 Qd4+ 53. f4 Qd1+ 54. Kh3 Qh1+ 55. Kg4 Qd1+ 56. Kf5 Qd3+ 57. Ke5 Qe3+ 58. Kxd5 Qd2+ 59. Ke5 Qe3+ 60. Qe4 Qxg3 61. Qb7+ Kf8 62. Qc8+ Kf7 63. Qe6+ Kf8 64. Qc8+ Kf7 65. Qd7+ Kf8 66. Qd8+ Kf7 67. Qd5+ Kf8 68. Ke6 Qh3+ 69. Kd6 Qc8 70. Qe5 Qd8+ 71. Ke6 Kg8 72. Kf5 Qf8+ 73. Kg4 Qc8+ 74. f5 Qc1 75. Qe6+ Kh7 76. Qg6+ Kh8 77. Qe8+ Kh7 78. Qe4 Kh8 79. Qd3 Kh7 80. f6+ Kg8 81. Qd5+ Kh8 82. Qd8+ Kh7 83. Qd3+ Kh8 84. f7 Qg5+ 85. Kf3 Qf6+ 86. Kg4 Qxf7 87. Qd8+ Qg8 0-1


[Site "https://www.chess.com"]

[Event "Titled Tuesday Blitz November 08 Late 2022"]
[White "Zhu, Jiner"]
[Black "Storey, Charles H"]
[WhiteFideId "8608059"]
[BlackFideId "406686"]
[WhiteElo "2384"]
[BlackElo "2252"]
[Result "1-0"]
[Round "08"]
[TimeControl "180+1"]
[Date "2022.11.09"]
[WhiteClock "0:01:13"]
[BlackClock "0:00:30"]

1. c4 g6 2. Nc3 Bg7 3. d4 c5 4. d5 d6 5. e4 Nf6 6. Nf3 O-O 7. Be2 Na6 8. O-O Nc7 9. Bf4 Nd7 10. Qc2 a6 11. a4 Rb8 12. Nd2 Ne5 13. h3 Bd7 14. a5 b5 15. axb6 Rxb6 16. Bh2 f6 17. f4 Nf7 18. Ra2 Qb8 19. Kh1 Qb7 20. Bd3 Rb8 21. b3 f5 22. exf5 gxf5 23. Na4 Rxb3 24. Nxb3 Qxb3 25. Rb1 Qxb1+ 26. Qxb1 Rxb1+ 27. Bxb1 Bxa4 28. Rxa4 Bc3 29. Bxf5 a5 30. Ra2 Na6 31. Bd7 Nd8 32. Rc2 Bb4 33. g4 Kf7 34. Bg3 e6 35. dxe6+ Nxe6 36. f5 Nd4 37. Ra2 Ke7 38. Ba4 Bc3 39. Ra3 Bb2 40. Re3+ Kf8 41. Bh4 d5 42. Bf6 Nxf5 43. Re8+ Kf7 44. Bxb2 Ng3+ 45. Kg2 1-0


[Site "https://www.chess.com"]

[Event "Titled Tuesday Blitz November 08 Late 2022"]
[White "chess50years"]
[Black "Yanayt, Eugene"]
[BlackFideId "2020165"]
[WhiteElo "2125"]
[BlackElo "2046"]
[Result "1-0"]
[Round "08"]
[TimeControl "180+1"]
[Date "2022.11.09"]
[WhiteClock "0:00:42"]
[BlackClock "0:00:11"]

1. d4 Nf6 2. c4 g6 3. Nc3 Bg7 4. e4 d6 5. Nf3 O-O 6. h3 e5 7. dxe5 dxe5 8. Qxd8 Rxd8 9. Bg5 Re8 10. Nd5 Nxd5 11. cxd5 c6 12. Bc4 cxd5 13. Bxd5 Nc6 14. Bxc6 bxc6 15. O-O h6 16. Be3 f5 17. Nd2 Ba6 18. Rfc1 Bd3 19. f3 fxe4 20. Nxe4 Rec8 21. Rc3 Ba6 22. Ra3 Bb7 23. Rxa7 Rxa7 24. Bxa7 Rd8 25. Bc5 Ba6 26. b4 h5 27. Kf2 Kf7 28. a4 Bh6 29. Nd6+ Ke6 30. b5 Bc8 31. Nxc8 Rxc8 32. b6 Kd5 33. Be3 Bxe3+ 34. Kxe3 Rb8 35. a5 Kc5 36. Ke4 Kb5 37. Kxe5 Ka6 38. Kf6 c5 39. Kxg6 Rg8+ 40. Kxh5 Rxg2 41. Rc1 Kxa5 42. b7 Rb2 43. Rxc5+ Ka6 44. f4 Kxb7 45. f5 Kb6 46. Rc1 Rg2 47. h4 Kb5 48. Kh6 Kb4 49. h5 Kb3 50. f6 Kb2 51. Rf1 1-0


[Site "https://www.chess.com"]

[Event "Titled Tuesday Blitz November 08 Late 2022"]
[White "Adel, Sara"]
[Black "Gasparyan, David"]
[WhiteFideId "10616764"]
[BlackFideId "13311980"]
[WhiteElo "1994"]
[BlackElo "2282"]
[Result "1-0"]
[Round "09"]
[TimeControl "180+1"]
[Date "2022.11.09"]
[WhiteClock "0:00:06"]
[BlackClock "0:00:13"]

1. e4 c5 2. Nc3 e6 3. f4 a6 4. a4 d5 5. Nf3 Nc6 6. e5 h5 7. Be2 Nh6 8. O-O Be7 9. h3 h4 10. d3 Nf5 11. Ng5 Ncd4 12. Bh5 g6 13. Bg4 Ng3 14. Re1 Rb8 15. a5 Qc7 16. Be3 Ndf5 17. Bf2 Bd7 18. Qf3 Bc6 19. Bxg3 Nxg3 20. Bxe6 f6 21. Nf7 O-O 22. Qg4 Kg7 23. f5 g5 24. exf6+ Bxf6 25. Nxg5 Kh6 26. Nf7+ Qxf7 27. Bxf7 Bg5 28. Be6 Rbd8 29. Nxd5 Bxd5 30. Bxd5 Rxd5 31. Re6+ Kh7 32. Qxg5 Nxf5 33. Qg6+ Kh8 34. Qh5+ Kg8 35. Rg6+ Ng7 36. Qxd5+ Kh7 37. Rg5 Rf6 38. Rf1 Ne8 39. Qd7+ Kh6 40. Rxf6+ Kxg5 41. Qf5# 1-0


[Site "https://www.chess.com"]